Map: 凱羅斯交會點 - 天梯版

Players

ShoWTimE - Winner!

  • Race: Protoss Protoss
  • Spawn Location: 5:00

ButAlways

  • Race: Protoss Protoss
  • Spawn Location: 11:00

Event: 2019 WCS Summer

VOD

Have the link to the VOD?

Description

Time

  • Played on: July 12, 2019, 1:09 p.m.
  • Length: 11:06

All games in this series

Show
View Real Time Build Order
Export as new Build Order

ShoWTimE Protoss - Winner!

Build Orders:  

Get SALT Encoding   

  12  0:00  Probe  
  13  0:12  Probe  
  14  0:17  Pylon  
  14  0:24  Probe  
  15  0:32  Probe  
  15  0:37  Gateway  
  15  0:40  Probe  
  16  0:46  Assimilator  
  17  0:51  Probe  
  17  0:54  Assimilator  
  18  1:00  Probe  
  19  1:08  Probe  
  19  1:11  Gateway  
  19  1:17  Probe  
  20  1:24  Cybernetics Core  
  21  1:29  Probe  
  22  1:34  Pylon  
  22  1:41  Probe  
  23  1:53  Probe  
  24  2:01  Stalker x2, Warp Gate  
  28  2:11  Pylon  
  28  2:13  Probe  
  29  2:27  Shield Battery  
  29  2:31  Stalker  
  29  2:32  Stalker  
  33  2:42  Stargate  
  33  2:51  Robotics Facility  
  32  3:08  Gateway  
  32  3:15  Probe  
  33  3:27  Probe, Pylon  
  33  3:30  Immortal  
  38  3:42  Shield Battery  
  38  3:49  Pylon  
  38  3:52  Sentry  
  38  3:53  Sentry  
  42  3:59  Warp Prism  
  44  4:11  Adept  
  46  4:17  Sentry, Pylon  
  46  4:19  Stalker  
  50  4:25  Pylon  
  50  4:30  Immortal  
  52  4:46  Adept  
  52  4:52  Adept  
  56  4:54  Phoenix  
  56  5:09  Observer  
  57  5:18  Nexus  
  57  5:23  Probe  
  57  5:27  Pylon  
  58  5:38  Pylon  
  58  5:47  Immortal  
  63  5:52  Shield Battery  
  63  5:56  Sentry  
  64  5:58  Sentry  
  64  6:00  Probe  
  67  6:06  Shield Battery  
  67  6:12  Pylon  
  67  6:23  Stalker  
  69  6:28  Stalker  
  71  6:46  Stalker, Gateway  
  73  6:59  Sentry  
  75  7:04  Shield Battery  
  75  7:05  Observer  
  73  7:10  Stalker  
  73  7:11  Probe  
  73  7:12  Probe  
  77  7:20  Shield Battery, Gateway  
  77  7:25  Probe x2  
  77  7:27  Stalker  
  81  7:34  Shield Battery  
  77  7:41  Stalker x2  
  81  7:48  Immortal  
  72  7:53  Adept  
  72  7:59  Phoenix  
  72  8:08  Adept x2  
  76  8:15  Assimilator  
  76  8:17  Adept x2  
  80  8:25  Probe  
  80  8:26  Probe  
  82  8:33  Assimilator  
  82  8:38  Probe x2  
  84  8:42  Pylon  
  84  8:45  Zealot  
  86  8:50  Probe  
  86  8:51  Stargate  
  87  9:00  Immortal  
  87  9:01  Twilight Council  
  91  9:23  Pylon  
  91  9:29  Phoenix  
  91  9:31  Zealot x3  
  99  9:39  Observer  
  99  9:43  Pylon  
  100  9:49  Phoenix  
  100  9:57  Pylon  
  102  10:03  Zealot x2  
  102  10:06  Phoenix  
  108  10:20  Zealot x2  
  112  10:25  Phoenix  
  112  10:35  Zealot x2  
  86  10:45  Zealot x2  
Show
View Real Time Build Order
Export as new Build Order

ButAlways Protoss 

Build Orders:  

Get SALT Encoding   

  12  0:01  Probe  
  13  0:13  Probe  
  14  0:17  Pylon  
  14  0:25  Probe  
  15  0:35  Probe  
  15  0:36  Gateway  
  16  0:43  Probe  
  16  0:48  Assimilator  
  17  0:53  Probe  
  17  0:56  Assimilator  
  18  1:01  Probe  
  18  1:09  Probe  
  19  1:12  Gateway  
  20  1:20  Probe  
  20  1:25  Cybernetics Core  
  21  1:32  Probe  
  22  1:35  Pylon  
  22  1:44  Probe  
  23  1:52  Warp Gate  
  23  2:01  Adept x2  
  23  2:05  Robotics Facility  
  27  2:13  Pylon  
  27  2:31  Stalker x2  
  31  2:40  Gateway  
  31  2:50  Warp Prism  
  31  2:52  Pylon  
  32  3:06  Stalker  
  34  3:14  Stalker  
  34  3:31  Observer  
  35  3:38  Pylon  
  35  3:45  Stalker x2  
  39  3:52  Stalker  
  39  3:55  Pylon  
  39  3:59  Stalker  
  39  4:12  Stalker  
  39  4:13  Stalker  
  43  4:30  Sentry  
  45  4:42  Robotics Facility  
  45  4:44  Sentry  
  47  4:49  Pylon  
  47  4:51  Pylon  
  47  5:00  Pylon  
  47  5:09  Observer  
  47  5:11  Adept x3  
  53  5:21  Immortal  
  56  5:46  Sentry  
  56  5:47  Sentry  
  60  5:55  Adept  
  62  5:59  Pylon  
  62  6:02  Observer  
  63  6:20  Adept x3  
  69  6:40  Adept x3  
  71  7:06  Nexus  
  71  7:07  Adept  
  73  7:08  Sentry  
  75  7:27  Robotics Bay  
  75  7:28  Pylon  
  67  7:47  Adept x3  
  63  8:05  Disruptor  
  63  8:17  Observer  
  66  8:22  Adept x3  
  72  8:28  Probe  
  73  8:38  Disruptor  
  73  8:40  Probe  
  77  8:56  Adept  
  77  8:57  Adept  
  81  9:08  Adept  
  83  9:25  Adept x2  
  87  9:35  Pylon  
  85  9:39  Pylon  
  85  9:53  Pylon  
  85  9:55  Adept x2, Pylon  
  89  10:02  Adept  
  91  10:15  Adept x2  
  91  10:19  Adept  
  71  10:43  Adept x2  
Tags
 
Add a new tag
Caveats
  • Supply blocks, unpowered buildings, or Contaminate may cause inaccurate times.
  • Supply counts are checked every 10 seconds.